 Dungeon Crawl Stone Soup version 0.28.0-53-g5a82cb258f (webtiles) character file.

Game seed: 2532967272659726645

73 firemarshallily the Chiller (level 4, -1/30 HPs)
             Began as a Merfolk Ice Elementalist on May 22, 2022.
             Was a Believer of Zin.
             Slain by a goblin
             ... wielding a +0 club
             ... led by Robin
              (2 damage)
             ... on level 2 of the Dungeon on May 23, 2022.
             The game lasted 00:11:06 (1977 turns).

firemarshallily the Chiller (MfIE)                  Turns: 1977, Time: 00:11:07

Health: -1/30      AC:  3    Str:  5 (8)  XL:     4   Next: 27%
Magic:  17/17      EV: 12    Int: 13 (16) God:    Zin [**....]
Gold:   53         SH:  0    Dex: 13 (14) Spells: 2/9 levels left

rFire   . . .      SeeInvis .   e - +1 short sword
rCold   . . .      Faith    .   (no shield)
rNeg    . . .      Spirit   .   a - +1 robe
rPois   .          Reflect  .   (no helmet)
rElec   .          Harm     .   (no cloak)
rCorr   .          Rampage  .   (no gloves)
Will    .....                   (no boots)
Stlth   ++........              (no amulet)
HPRegen 0.10/turn               p - ring of magical power
MPRegen 0.15/turn               (no ring)

@: brilliant
A: (nimble swimmer 2), mertail
a: Renounce Religion, Recite, Vitalisation, Donate Gold


You were on level 2 of the Dungeon.
You worshipped Zin.
Zin was pleased with you.
You visited 1 branch of the dungeon, and saw 2 of its levels.

You collected 58 gold pieces.
You donated 5 gold pieces to Zin.

Inventory:

Hand Weapons
 e - a +1 short sword (weapon)
Missiles
 c - 34 stones
Armour
 a - a +1 robe (worn)
Jewellery
 p - a ring of magical power (left hand)
Scrolls
 b - a scroll of identify {unknown}
 k - 2 scrolls of enchant weapon
Potions
 d - a potion of haste {unknown}
 i - a potion of degeneration
 n - a potion of heal wounds {unknown}


   Skills:
 - Level 3.0 Dodging
 - Level 2.1 Stealth
 * Level 3.1 Spellcasting
 * Level 5.3 Ice Magic


You had 2 spell levels left.
You knew the following spells:

 Your Spells              Type           Power      Damage    Failure   Level
a - Freeze                Ice            92%        1d10      2%          1
b - Frozen Ramparts       Ice            46%        1d6       8%          3
c - Ozocubu's Armour      Ice            23%        N/A       8%          3

Your spell library contained the following spells:

 Spells                   Type           Power      Damage    Failure   Level
 Animate Skeleton         Necr           6%         N/A       22%         1
 Pain                     Necr           12%        1d4       22%         1
 Vampiric Draining        Necr           3%         2d6       56%         3
 Hailstorm                Conj/Ice       13%        3d5       58%         4


Dungeon Overview and Level Annotations

Branches:
Dungeon (2/15)

Altars:
Uskayaw
Zin

Annotations:
D:2 Robin


Innate Abilities, Weirdness & Mutations

((You are very nimble when in or above water. (Stealth+, EV+, Speed+++)))
Your lower body shifts to a powerful aquatic tail in water.


Message History

Robin roars a battlecry!
The goblins go into a battle-frenzy!
Robin roars a battlecry!
The goblin throws a stone.
The stone hits you.
The goblin throws a stone.
The stone hits you but does no damage. Robin throws the goblin at you!
The goblin hits you but does no damage.
The goblin throws a stone.
The stone barely misses you.
A goblin comes into view. It is wielding a +0 dagger.
The hobgoblin misses you.
Casting: Freeze (safe; 1% risk of failure)
Confirm with . or Enter, or press ? or * to list all spells.
Aiming: Freeze (safe; 1% risk of failure)
Press: ? - help, Shift-Dir - straight line, f - hobgoblin
Aim: a hobgoblin (strong)
You freeze the hobgoblin.
The hobgoblin is moderately wounded.
The goblin shouts!
You hear a shout!
The hobgoblin hits you. Robin hits you but does no damage.
Robin throws the goblin at you! The goblin hits you with a +0 club.
Casting: Freeze (safe; 1% risk of failure)
Confirm with . or Enter, or press ? or * to list all spells.
You don't know that spell.
The hobgoblin no longer looks unusually strong.
The goblin no longer looks unusually strong. x2
Robin throws the goblin at you! The goblin hits you with a +0 club.
* * * LOW HITPOINT WARNING * * *
The goblin closely misses you. The goblin hits you with a +0 club.
* * * LOW HITPOINT WARNING * * *
It was a potion of degeneration.
There was something very wrong with that liquid.
You feel weakened.
You feel dopey.
You feel clumsy. The goblin hits you with a +0 club.
* * * LOW HITPOINT WARNING * * *
It was a potion of brilliance.
You feel clever all of a sudden. The hobgoblin hits you.
Zin protects you from harm! The goblin barely misses you.
The goblin hits you with a +0 club.
You die...

...* #..#,####.#..##..........#.#
...* #..#.........##.#....._..#.#
...###..#......#..##.#.##.....#.#
........#.####.#..##.#.##.....)..
gg.........................##.#.#
g...).......†.)..........÷)......
..........#....#..#..#........#.#
##...#....#....#g................
*#...gg......g.g@................
,#...#....####.#g.......#..##.#.#
,#...#.g..####.#g....#..#..##.#.#
,#...#...g...g..........#..##.#.#
.#...#..#>####.#.................
...............#......#.#.###....
.##.........g.........#.#.###.#.#
..............................#.#
...........#####.##...#.#.#######


You could see Robin, a hobgoblin and 3 goblins.

Vanquished Creatures
  2 adders (D:2)
  A worm (D:2)
  A dart slug (D:1)
  5 ball pythons
  2 endoplasms (D:1)
  A giant cockroach (D:1)
  2 goblins (D:2)
  4 hobgoblins (D:2)
  7 jackals
  5 kobolds
  3 quokkas (D:1)
  8 bats
  2 frilled lizards (D:1)
43 creatures vanquished.

Vanquished Creatures (collateral kills)
  A goblin (D:2)
1 creature vanquished.

Grand Total: 44 creatures vanquished

Notes
Turn   | Place    | Note
-------+----------+-------------------------------------------
     0 | D:1      | firemarshallily the Merfolk Ice Elementalist began the
                  | quest for the Orb.
     0 | D:1      | Reached XP level 1. HP: 13/13 MP: 3/3
   380 | D:1      | Noticed an ogre
   492 | D:1      | Found a faded altar of an unknown god.
   498 | D:1      | Reached XP level 2. HP: 18/19 MP: 1/5
   582 | D:1      | Prayed at the altar of an unknown god.
   582 | D:1      | Became a worshipper of Zin the Law-Giver
   582 | D:1      | Reached * piety under Zin
   707 | D:1      | Noticed an ogre
   707 | D:1      | Noticed an ogre
   707 | D:1      | Noticed an ogre
   943 | D:1      | Reached XP level 3. HP: 24/24 MP: 2/6
  1287 | D:1      | Learned a level 3 spell: Frozen Ramparts
  1291 | D:1      | Learned a level 3 spell: Ozocubu's Armour
  1378 | D:2      | Reached skill level 5 in Ice Magic
  1443 | D:2      | Reached ** piety under Zin
  1593 | D:2      | Found a hide-covered altar of Uskayaw.
  1597 | D:2      | Noticed Robin
  1828 | D:2      | Reached XP level 4. HP: 30/30 MP: 8/8
  1976 | D:2      | HP: 1/30 [goblin/+0 club[Robin] (3)]
  1977 | D:2      | Zin protects you from harm!
  1977 | D:2      | Slain by a goblin

Illustrated notes

Levels and vault maps discovered:
D:1:      erik_arrival_cave_to_civilisation [erik_arrival_cave_to_temple],
          layout_basic, hellmonk_ecumenical_altar_lost_god, serial_curves,
          eino_curves_04, eino_curves_03
D:2:      layout_basic, basic_altar, uniq_robin

Skill      XL: |  1  2  3 |
---------------+----------+-----
Dodging        | 3 |  3.0
Ice Magic      | 5 |  5.3
Spellcasting   | 3 |  3.1
Stealth        | |  2.1

Action                   |  1- 3 |  4- 6 || total
-------------------------+-------+-------++-------
Melee: Short sword       |    51 |     6 ||    57
 Cast: Freeze            |    40 |    12 ||    52
       Frozen Ramparts   |     1 |       ||     1
  Use: Scroll            |     8 |       ||     8
       Potion            |       |     2 ||     2
 Stab: Sleeping          |     6 |       ||     6
Armor: Robe              |     9 |     7 ||    16
Dodge: Dodged            |    72 |    16 ||    88
